AoeStats
← matipalominos1

Arena

507564588Analyzed
1v1 RM · 14d ago on Sep 18, 2026· 42m 40s· 2 players
Game mode
Random Map
Map size
Tiny (2 player)
Population
200
Speed
Normal
Resources
Standard
Victory
Conquest
Starting age
Dark Age
Ending age
Imperial Age
RankedLock teamsTeams togetherTeam positionsShared explorationLock speedFull tech treeHidden civsTurbo modeCheats
Victory
Defeat
🇺🇸 Romans · United States
569
+16
🇨🇱 Spanish · Chile
561
-16
matipalominos1
12:00 Feudal Age
15:43 Fletching
19:21 Castle Age
18:23 Horse Collar
18:43 Gold Mining
24:37 Heavy Plow
30:08 Imperial Age
27:44 Bodkin Arrow
29:21 Inquisition
30:46 Double-Bit Axe
31:08 Bracer
31:09 Padded Archer Armor
33:59 Elite Conquistador
35:56 Leather Archer Armor
36:00 Forging
39:52 Scale Barding Armor
40:20 Ring Archer Armor
WalkingString21
3:25 Loom
10:43 Feudal Age
11:08 Horse Collar
11:27 Double-Bit Axe
18:12 Castle Age
16:48 Wheelbarrow
17:44 Man-at-Arms
19:26 Bow Saw
22:00 Heavy Plow
22:44 Long Swordsman
23:26 Squires
24:37 Scale Mail Armor
24:50 Forging
29:03 Iron Casting
28:44 Chain Mail Armor
28:34 Devotion
29:35 Ballistics
29:12 Murder Holes
29:28 Fortified Wall
29:30 Masonry
29:47 Hand Cart
31:40 Fletching
35:14 Imperial Age
33:17 Town Watch
33:48 Gold Mining
35:26 Stone Mining
35:30 Capped Ram
37:22 Conscription
37:20 Bodkin Arrow
37:58 Legionary
39:43 Block Printing
40:30 Bloodlines
43:17 Blast Furnace
Connection lost

Rejoining the realm…

Still unreachable

The connection could not be restored.

Session expired

The server has moved on; the page needs a fresh start.